 Dungeon Crawl Stone Soup version 0.31.0-9-g3a7656b989 (webtiles) character file.

Game seed: 5350742341241144026

314 qw the Shooter (level 6, 0/30 HPs)
             Began as a Spriggan Hunter on Feb 3, 2024.
             Slain by Dowan
             ... wielding a +0 dagger
              (3 damage)
             ... on level 4 of the Dungeon.
             The game lasted 00:01:05 (2391 turns).

qw the Shooter (Spriggan Hunter)                    Turns: 2391, Time: 00:01:06

Health: 0/30       AC:  2    Str:  7    XL:     6   Next: 19%
Magic:  7/7        EV: 20    Int: 10    God:
Gold:   128        SH:  0    Dex: 21    Spells: 5/5 levels left

rFire   . . .        a - +1 shortbow
rCold   . . .        (shield currently unavailable)
rNeg    . . .        c - +0 robe
rPois   .            (helmet restricted)
rElec   .            (no cloak)
rCorr   .            (gloves unavailable)
SInv    +            (boots unavailable)
Will    +....        (no amulet)
Stlth   ++           (no ring)
HPRegen 0.25/turn    (no ring)
MPRegen 0.10/turn

%: no passive effects
@: very quick
A: very small, no large weapons, unfitting armour, see invisible, speed 3
a: no special abilities


You were on level 4 of the Dungeon.
You visited 1 branch of the dungeon, and saw 4 of its levels.

You collected 128 gold pieces.


Innate Abilities, Weirdness & Mutations

You are very small and have problems with some larger weapons.
You are too small for most types of armour.
You have supernaturally acute eyesight. (SInv)
You cover ground extremely quickly. (Speed+++)


   Skills:
 - Level 2.1 Fighting
 - Level 6.5 Ranged Weapons
 + Level 5.0 Dodging
 - Level 1.5 Stealth


You had 5 spell levels left.
You didn't know any spells.
Your spell library was empty.

Inventory:

Hand Weapons
 a - a +1 shortbow (weapon)
Armour
 c - a +0 robe (worn)
Scrolls
 e - 5 scrolls of enchant armour
Potions
 d - a potion of might {unknown}
 g - a potion of heal wounds
 h - a potion of degeneration {unknown}

Dungeon Overview and Level Annotations

Branches:
Dungeon (4/15)             Temple (0/1) D:4

Altars:

Shops:
D:1 [

Annotations:
D:4 Dowan, Duvessa


Message History

Duvessa is lightly wounded.
You shoot an arrow. The arrow hits Duvessa.
Duvessa is moderately wounded.
You shoot an arrow.
The arrow hits Duvessa but does no damage.
Duvessa is moderately wounded.
Dowan points at Duvessa and mumbles some strange words.
Duvessa seems to speed up.
You shoot an arrow.
The arrow hits Duvessa but does no damage.
Duvessa is moderately wounded.
You shoot an arrow. The arrow completely misses Duvessa.
The arrow closely misses Dowan.
Dowan gestures wildly while chanting.
Dowan blinks!
You shoot an arrow.
The arrow hits Duvessa but does no damage.
Duvessa is moderately wounded.
Duvessa misses you.
Duvessa hits you with a +0 short sword of venom!
You shoot an arrow. The arrow hits Duvessa.
Duvessa is moderately wounded.
Duvessa misses you.
You shoot an arrow.
The arrow hits Duvessa but does no damage.
Duvessa is moderately wounded.
Duvessa closely misses you.
Dowan casts a spell.
Dowan blinks!
Duvessa hits you with a +0 short sword of venom.
You shoot an arrow.
The arrow hits Duvessa but does no damage.
Duvessa is moderately wounded.
Duvessa hits you with a +0 short sword of venom.
Duvessa says, "Did you see that move?
Perfect!"
Duvessa closely misses you. Dowan misses you.
You shoot an arrow. The arrow closely misses Duvessa.
Duvessa hits you with a +0 short sword of venom!
Dowan hits you with a +0 dagger.
You die...

... ##.......~~
...##......~~~~
........~~~~~~~
#...#.~~~~~~~~~~~~~~~.
#....~~~~~~...~~~~~~.
#...~~~~~~.>.~~~~~~.
#ee~~~~~~...~~~~~~. ..#
#@.~~~~~~~~~~~~~.. ...##
#....~~~~~~~~~.... ....#
#......~~~~~...... ...[##
##................. .....##
###.....^######.#..## #.....#
####........#### #...##
#....####..............#
###.#
#<....................## ##.#
##%.............#####..###..#


You could see Duvessa (fast) and Dowan.

Vanquished Creatures
  Sigmund (D:3)
  Natasha (twice) (D:3)
  A gnoll (D:3)
  4 adders
  A ribbon worm (D:3)
  3 dart slugs
  4 orcs (D:3)
  4 endoplasms
  2 giant cockroaches
  5 hobgoblins
  5 kobolds
  A quokka (D:2)
  8 ball pythons
  6 bats
  2 frilled lizards
  3 goblins
  7 rats
59 creatures vanquished.

Notes
Turn   | Place    | Note
-------+----------+-------------------------------------------
     0 | D:1      | qw the Spriggan Hunter began the quest for the Orb.
     0 | D:1      | Reached XP level 1. HP: 10/10 MP: 2/2
     0 | D:1      | 0 ||| qw: Version: 0.3-a-155-g5e7d8dd
     0 | D:1      | 0 ||| qw: Game counter: 3050
     0 | D:1      | 0 ||| qw: Melee chars always use a shield: true
     0 | D:1      | 0 ||| qw: God list: Okawaru
     0 | D:1      | 0 ||| qw: Allow faded altars: false
     0 | D:1      | 0 ||| qw: Do Orc after clearing Dungeon:15 true
     0 | D:1      | 0 ||| qw: Do second Lair branch before Depths: true
     0 | D:1      | 0 ||| qw: Lair rune preference: random
     0 | D:1      | 0 ||| qw: Goals: Normal
     0 | D:1      | 0 ||| PLANNING D:1-11
    41 | D:1      | Reached skill level 3 in Dodging
   171 | D:1      | Reached XP level 2. HP: 14/14 MP: 3/3
   651 | D:1      | Found Quffaram's Armour Shoppe.
   885 | D:1      | 885 ||| READING 3 scrolls labelled QOAFEN TYNEUPN.
   885 | D:1      | 885 ||| IDENTIFYING scroll labelled DUDIEPS PUERE
   886 | D:1      | 886 ||| DROPPING scroll of butterflies.
   908 | D:2      | Reached XP level 3. HP: 18/18 MP: 4/4
  1000 | D:2      | Found a faded altar of an unknown god.
  1012 | D:2      | Reached skill level 5 in Ranged Weapons
  1298 | D:2      | 1298 ||| READING 2 scrolls of identify.
  1298 | D:2      | 1298 ||| IDENTIFYING fizzy grey potion
  1299 | D:2      | 1299 ||| READING scroll of identify.
  1299 | D:2      | 1299 ||| IDENTIFYING scroll labelled HETEUS TIXUZ
  1300 | D:2      | 1300 ||| DROPPING scroll of blinking.
  1301 | D:2      | 1301 ||| DROPPING potion of invisibility.
  1338 | D:3      | Reached XP level 4. HP: 11/22 MP: 5/5
  1428 | D:3      | 1428 ||| FLEEEEING.
  1429 | D:3      | 1429 ||| FLEEEEING.
  1430 | D:3      | 1430 ||| FLEEEEING.
  1431 | D:3      | 1431 ||| FLEEEEING.
  1432 | D:3      | 1432 ||| FLEEEEING.
  1593 | D:3      | Noticed Natasha
  1600 | D:3      | Killed Natasha
  1944 | D:3      | Noticed Natasha
  1946 | D:3      | 1946 ||| FLEEEEING.
  1947 | D:3      | 1947 ||| FLEEEEING.
  1948 | D:3      | 1948 ||| FLEEEEING.
  1949 | D:3      | 1949 ||| FLEEEEING.
  1950 | D:3      | 1950 ||| FLEEEEING.
  1951 | D:3      | 1951 ||| FLEEEEING.
  1952 | D:3      | 1952 ||| FLEEEEING.
  1953 | D:3      | 1953 ||| FLEEEEING.
  1954 | D:3      | 1954 ||| FLEEEEING.
  1957 | D:3      | Killed Natasha
  1958 | D:3      | Reached XP level 5. HP: 26/26 MP: 6/6
  2133 | D:3      | Noticed Sigmund
  2147 | D:3      | Killed Sigmund
  2148 | D:3      | Reached skill level 6 in Ranged Weapons
  2148 | D:3      | Reached XP level 6. HP: 30/30 MP: 7/7
  2168 | D:3      | 2168 ||| READING scroll labelled JEOZ BOPET.
  2269 | D:3      | 2269 ||| READING scroll labelled WYSAG OKEPN.
  2269 | D:3      | 2269 ||| ENCHANTING +0 shortbow.
  2270 | D:3      | 2270 ||| READING scroll labelled NIUD JUHEZ.
  2271 | D:3      | 2271 ||| DRINKING 2 yellow potions.
  2336 | D:4      | Found a staircase to the Ecumenical Temple.
  2337 | D:4      | 2337 ||| PLANNING TEMPLE
  2378 | D:4      | Noticed Duvessa
  2379 | D:4      | Noticed Dowan
  2391 | D:4      | HP: 3/30 [Duvessa/+0 short sword of venom (9)]
  2391 | D:4      | Slain by Dowan

Levels and vault maps discovered:
D:1:      lightli_arrival_chessboard, layout_basic, serial_glass,
          glass_columns_c, glass_columns_a, serial_shops,
          nicolae_shop_back_alley_shop
D:2:      layout_rooms, dreamdust_ecumenical_altar_statues,
          minmay_misc_feat_tiny
D:3:      minmay_chambers_of_threes, layout_rooms, uniq_natasha, uniq_sigmund
D:4:      layout_cave_pods, temple_pool_b, uniq_duvessa

Skill      XL: |  1  2  3  4  5 |
---------------+----------------+-----
Dodging        | 3 4 5 |  5.0
Ranged Weapons | 5 6 |  6.5
Fighting       | 2 |  2.1
Stealth        | |  1.5

Action                     |  1- 3 |  4- 6 || total
---------------------------+-------+-------++-------
   Fire: Shortbow          |    97 |    89 ||   186
    Use: Scroll            |     3 |     3 ||     6
         Potion            |       |     1 ||     1
 Armour: Robe              |    11 |    13 ||    24
  Dodge: Dodged            |    41 |    42 ||    83

Table legend:
 A = Non-vault XP
 B = Vault XP
 C = Vault XP percentage of total XP
 D = Non-vault monster count
 E = Vault monster count
 F = Vault count percentage of total count
                 A         B        C        D         E       F
            +---------+---------+-------+---------+---------+-------
      Total |     151 |     298 |  66.4 |      45 |      14 |  23.7
            +---------+---------+-------+---------+---------+-------
        D:1 |      31 |       0 |   0.0 |      19 |       0 |   0.0
        D:2 |      61 |       0 |   0.0 |      15 |       0 |   0.0
        D:3 |      55 |     298 |  84.4 |      10 |      14 |  58.3
        D:4 |       4 |       0 |   0.0 |       1 |       0 |   0.0
            +---------+---------+-------+---------+---------+-------
